AoeStats
← RagnarLothbrok

Nomad

510289231Analyzed
4v4 RM · 20h ago on Sep 30, 2026· 43m 42s· 8 players
Game mode
Random Map
Map size
231×231
Population
200
Speed
Normal
Resources
Standard
Victory
Conquest
Starting age
Dark Age
Ending age
Imperial Age
RankedLock teamsTeams togetherTeam positionsShared explorationLock speedFull tech treeHidden civsTurbo modeCheats
Victory
Defeat
🇨🇳 Armenians · China
1321
+13
🇻🇪 Persians · Venezuela
1296
+14
🇩🇪 Romans · Germany
1273
+15
🇬🇧 Danes · United Kingdom
1236
+18
🇨🇳 Mongols · China
1285
-16
🇦🇷 Persians · Argentina
1284
-16
🇲🇳 Huns · Mongolia
1240
-14
🇦🇺 Cumans · Australia
1231
-14
WallyGoodberg
4:17 Loom
14:00 Feudal Age
14:05 Feudal Age
15:57 Double-Bit Axe
18:39 Castle Age
16:56 Gold Mining
17:19 Fishing Lines
19:48 Gillnets
20:09 Medium Warships
19:42 Horse Collar
20:18 Bow Saw
20:46 Medium Warships
22:17 Town Watch
23:08 Wheelbarrow
23:46 Fletching
24:15 Town Patrol
25:04 Forging
24:51 Horse Collar
25:36 Ballistics
27:19 Heavy Plow
29:05 Gold Shaft Mining
28:56 Stone Mining
32:42 Imperial Age
30:28 Hand Cart
31:59 Scale Barding Armor
32:29 Iron Casting
32:10 Masonry
32:16 Bodkin Arrow
34:28 Heavy Warships
34:25 Chain Barding Armor
33:30 Heavy Scorpion
34:38 Ballistas
34:53 Conscription
33:58 Capped Ram
35:41 Chemistry
34:58 Siege Ram
36:42 Siege Engineers
39:07 Scale Mail Armor
40:07 Blast Furnace
40:02 Pikeman
40:42 Squires
40:59 Chain Mail Armor
40:36 Halberdier
Nectarine
5:11 Loom
14:01 Feudal Age
14:28 Town Watch
18:27 Castle Age
16:20 Fletching
16:49 Stone Mining
16:54 Double-Bit Axe
17:23 Scale Mail Armor
17:42 Gold Mining
17:34 Horse Collar
17:44 Fishing Lines
21:27 Wheelbarrow
21:36 Forging
22:14 Wheelbarrow
22:26 Squires
22:13 Arson
24:28 Chain Mail Armor
25:18 Gillnets
26:29 Bodkin Arrow
32:13 Iron Casting
33:17 Careening
33:05 Murder Holes
33:38 Ballistics
36:25 Bow Saw
43:21 Hand Cart
44:13 Hand Cart
RagnarLothbrok
4:26 Loom
14:02 Feudal Age
16:03 Double-Bit Axe
20:01 Castle Age
20:50 Bow Saw
20:21 Horse Collar
21:27 Wheelbarrow
20:37 Town Watch
21:26 Heavy Plow
26:00 Hand Cart
29:37 Gold Mining
30:22 Forging
31:04 Gold Shaft Mining
30:31 Town Patrol
31:12 Scale Barding Armor
31:44 Iron Casting
31:47 Bloodlines
35:01 Imperial Age
33:14 Bloodlines
34:18 Chain Barding Armor
34:51 Husbandry
34:57 Cavalier
36:25 Plate Barding Armor
36:56 Fletching
37:44 Bodkin Arrow
38:14 Padded Archer Armor
38:21 Husbandry
39:28 Chemistry
38:48 Ballistics
39:33 Savar
41:56 Blast Furnace
42:11 Capped Ram
Hakka
3:20 Loom
15:38 Feudal Age
17:21 Wheelbarrow
16:36 Double-Bit Axe
16:54 Gold Mining
17:40 Scale Mail Armor
17:05 Man-at-Arms
17:32 Arson
21:10 Castle Age
18:44 Long Swordsman
20:31 Forging
21:57 Town Watch
21:35 Two-Handed Swordsman
22:20 Squires
23:51 Chain Mail Armor
23:50 Horse Collar
25:26 Heavy Plow
26:45 Iron Casting
35:40 Imperial Age
33:27 Bow Saw
34:17 Champion
34:45 Gambesons
36:36 Fereters
37:25 Conscription
38:16 Plate Mail Armor
39:09 Blast Furnace
40:46 Gold Shaft Mining
41:41 Hand Cart
41:20 Stone Mining
altrnate15
5:01 Loom
16:12 Feudal Age
16:44 Double-Bit Axe
16:46 Town Watch
16:43 Fishing Lines
20:29 Castle Age
21:04 Horse Collar
21:39 Bow Saw
23:11 Heavy Plow
24:56 Wheelbarrow
24:50 Town Patrol
25:00 Gold Mining
田間小鹿
5:46 Loom
13:22 Feudal Age
15:07 Wheelbarrow
17:46 Castle Age
16:25 Double-Bit Axe
18:39 Bow Saw
20:08 Horse Collar
26:14 Hand Cart
25:56 Gold Mining
26:26 Heavy Plow
27:06 Forging
27:02 Scale Barding Armor
27:42 Bloodlines
29:43 Chain Barding Armor
29:59 Iron Casting
30:37 Gold Shaft Mining
33:42 Imperial Age
33:02 Town Watch
33:14 Fletching
33:17 Stone Mining
33:52 Cavalier
34:32 Husbandry
36:09 Plate Barding Armor
36:35 Blast Furnace
36:08 Crop Rotation
35:33 Savar
41:02 Town Patrol
飘雪
6:11 Loom
12:40 Feudal Age
18:23 Castle Age
16:42 Fishing Lines
17:27 Double-Bit Axe
19:06 Gillnets
19:30 Bow Saw
20:25 Gold Mining
21:06 Gold Mining
21:09 Stone Mining
21:41 Medium Warships
24:17 Gold Shaft Mining
25:09 Fletching
25:41 Ballistics
25:47 Ballistics
25:39 Clinker Construction
28:44 Horse Collar
30:30 Careening
30:27 Bodkin Arrow
30:59 Heavy Plow
31:26 Demolition Ship
33:05 Wheelbarrow
33:47 Thumb Ring
34:12 Padded Archer Armor
34:58 Bloodlines
34:49 Husbandry
36:27 Hand Cart
38:34 Stone Shaft Mining
41:53 Imperial Age
40:32 Nomads
41:12 Masonry
40:59 Murder Holes
42:41 Bracer
42:57 Leather Archer Armor
43:11 Conscription
43:52 Hoardings
44:30 Chemistry
TIMUR
4:33 Loom
15:18 Feudal Age
16:58 Double-Bit Axe
17:08 Horse Collar
19:53 Scale Barding Armor
25:32 Castle Age
23:52 Gold Mining
24:27 Forging
24:29 Bloodlines
25:37 Wheelbarrow
26:38 Chain Barding Armor
26:23 Light Cavalry
27:34 Bow Saw
27:39 Husbandry
28:17 Iron Casting
29:16 Heavy Plow
32:38 Hand Cart
42:07 Town Watch
Connection lost

Rejoining the realm…

Still unreachable

The connection could not be restored.

Session expired

The server has moved on; the page needs a fresh start.